 Dungeon Crawl Stone Soup version 0.20.1-1-g8b1a95d (webtiles) character file.

8464 Energizer the Cleaver (level 11, -4/148 HPs)
             Began as a Minotaur Berserker on July 15, 2017.
             Was a High Priest of Trog.
             Succumbed to Sonja's poison
             ... on level 10 of the Dungeon.
             The game lasted 00:52:42 (8925 turns).

Energizer the Cleaver (Minotaur Berserker)          Turns: 8925, Time: 00:52:43

Health: -4/148     AC: 18    Str: 29    XL:     11   Next: 10%
Magic:  7/10       EV: 15    Int:  4    God:    Trog [*****.]
Gold:   285        SH:  0    Dex: 14    Spells: 10/10 levels left

rFire    . . .     SeeInvis .   y - +2 war axe (chop)
rCold    . . .     Gourm    .   (no shield)
rNeg     . . .     Faith    .   x - +1 plate armour
rPois    .         Spirit   +   (helmet restricted)
rElec    .         Reflect  .   B - scarf {Spirit}
rCorr    .         Harm     .   S - +2 pair of gloves {Str+3}
MR       +....                  (no boots)
Stlth    ..........             U - amulet of regeneration
Regen    0.8/turn               s - ring of protection from magic
MPRegen  0.2/turn               r - +3 ring of evasion

@: berserking (expiring), lethally poisoned (-4 -> -81), slowed
A: retaliatory headbutt, horns 2
a: Berserk, Trog's Hand, Brothers in Arms, Burn Spellbooks, Renounce Religion


You were on level 10 of the Dungeon.
You worshipped Trog.
Trog was extremely pleased with you.
You were very hungry.

You visited 1 branch of the dungeon, and saw 10 of its levels.

You collected 685 gold pieces.
You spent 400 gold pieces at shops.

Inventory:

Hand Weapons
 y - a +2 war axe of chopping (weapon)
 Q - a +4 longbow of velocity
Missiles
 D - 10 tomahawks (quivered)
 E - 3 tomahawks of dispersal
 R - 49 arrows
Armour
 x - a +1 plate armour (worn)
 B - a scarf of spirit shield (worn)
 O - a +0 pair of gloves
 S - a +2 pair of gloves of strength (worn)
Jewellery
 r - a +3 ring of evasion (right hand)
 s - a ring of protection from magic (left hand)
 N - a +4 ring of intelligence
 U - an amulet of regeneration (around neck)
Wands
 g - a wand of lightning (8/15)
 G - a wand of paralysis (16/24)
 H - a wand of iceblast (7/15)
 I - a wand of acid (11/15)
 J - a wand of scattershot (6/9)
 L - a wand of random effects (32/48)
 T - a wand of paralysis (9/24)
 V - a wand of flame (17/48)
Scrolls
 d - 2 scrolls of enchant armour
 e - a scroll of recharging {unknown}
 f - 4 scrolls of remove curse
 h - 4 scrolls of blinking
 i - 3 scrolls of magic mapping
 n - a scroll of amnesia {unknown}
 o - 4 scrolls of immolation {unknown}
 t - 5 scrolls of identify
 w - 5 scrolls of teleportation
 A - a scroll of enchant weapon {unknown}
 C - 2 scrolls of fog {unknown}
 K - a scroll of brand weapon {unknown}
 M - a scroll of fear {unknown}
Potions
 a - a potion of heal wounds
 b - 2 potions of flight
 j - a potion of agility {unknown}
 k - a potion of resistance {unknown}
 l - 2 potions of invisibility
 q - 4 potions of might {unknown}
 u - 2 potions of haste {unknown}
 v - a potion of brilliance {unknown}
 z - 2 potions of lignification {unknown}
 F - 2 potions of curing {unknown}
Comestibles
 c - 7 bread rations
 m - 2 meat rations
 p - 2 fruits
 P - 3 chunks of flesh


   Skills:
 + Level 10.0 Fighting
 * Level 13.2 Axes
 + Level 9.3 Armour
 + Level 8.7 Dodging


You had 10 spell levels left.
You didn't know any spells.

Dungeon Overview and Level Annotations

Branches:
Dungeon (10/15)            Temple (0/1) D:6            Lair (0/6) D:10
    Orc: D:9-12

Altars:
Ashenzari
Cheibriados
Elyvilon
Fedhas
Gozag
Kikubaaqudgha
Ru
Yredelemnul

Shops:
D:3 *   D:5 [   D:8 [!?[   D:9 [

Annotations:
D:9 glov
D:10 Sonja


Innate Abilities, Weirdness & Mutations

You reflexively headbutt those who attack you in melee.
You have a pair of horns on your head.


Message History

Something hits you but does no damage.
You are more poisoned.
Something hits you but does no damage.
You are more poisoned.
Something hits you but does no damage.
A red film seems to cover your vision as you go berserk!
You feel yourself moving faster!
You feel mighty!
You are feeling very hungry.
* * * LOW HITPOINT WARNING * * *
You feel extremely sick. Something hits you but does no damage.
Something barely misses you. Something hits you but does no damage.
You are more poisoned.
You hear some strange, mumbled words.
You feel a strong urge to attack something.
Your surroundings suddenly seem different.
* * * LOW HITPOINT WARNING * * *
You feel extremely sick.
You are too berserk!
You die...

#######.........######...# .#...
...................≈≈≈≈≈≈.. .....
..................≈≈≈≈≈≈≈.. .≈...
#######.....≈≈..≈≈≈≈≈≈≈≈≈.. ....#
#.....#.......≈.≈≈≈≈≈≈≈≈.≈≈ ≈ #
#.....#.....≈≈≈≈.≈≈≈≈≈≈≈≈≈≈ #
......#....≈≈≈≈≈≈.≈≈≈.≈.≈≈≈≈....'
......#....≈≈≈≈≈≈......≈≈≈≈≈....#
......#.........@....>..≈≈≈≈....#
###'###.....≈≈≈≈≈..≈...≈≈≈.≈≈..
..............≈≈≈≈...≈..≈≈≈....
...........≈≈≈≈≈≈≈≈≈≈.≈≈≈≈≈.≈.
............≈≈≈≈≈≈≈≈≈≈≈≈≈≈≈...
###+#.........≈≈..≈≈≈≈≈≈..≈
....'................≈.≈..≈
....#....................K.
....#.........#######..#.##


There were no monsters in sight!

Vanquished Creatures
  A two-headed ogre (D:10)
  Pikel (D:7)
  A cyclops (D:9)
  A centaur zombie (D:10)
  The ghost of vlindergert the Chopper, a novice MiFi (D:4)
  The ghost of Cral the Cleaver, a novice DsGl (D:5)
  A troll (D:10)
  Grinder (D:3)
  3 hippogriffs
  A wyvern (D:4)
  3 hungry ghosts
  A water moccasin (D:7)
  Duvessa (D:6)
  2 ice beasts
  2 sky beasts
  A black bear (D:9)
  2 phantoms (D:5)
  3 orc warriors
  A slave (D:7)
  7 ogres
  3 centaurs
  3 wolves (D:10)
  3 bullfrogs
  A wyvern skeleton (D:7)
  5 scorpions
  Dowan (D:6)
  6 killer bees (D:8)
  6 howler monkeys
  2 electric eels (D:10)
  2 bullfrog zombies
  5 crimson imps
  6 hounds
  A quasit (D:8)
  2 orc priests (D:6)
  A jelly (D:7)
  9 orc wizards
  An iguana (D:9)
  6 worker ants
  2 hound zombies
  A hound skeleton (D:3)
  Robin (D:2)
  A worker ant zombie (D:8)
  3 gnolls (D:4)
  8 adders
  An ooze (D:2)
  An adder zombie (D:6)
  3 worms
  2 dart slugs
  7 leopard geckos
  43 orcs
  9 bats
  6 giant cockroaches
  13 goblins
  17 hobgoblins
  8 jackals
  8 kobolds
  4 quokkas
  A ball python (D:2)
  6 frilled lizards
  2 jackal skeletons
  A jackal zombie (D:8)
  A quokka skeleton (D:8)
  8 rats
255 creatures vanquished.

Vanquished Creatures (collateral kills)
  An ogre (D:5)
1 creature vanquished.

Vanquished Creatures (others)
  A centaur zombie (D:7)
  A hound skeleton (D:7)
2 creatures vanquished.

Grand Total: 258 creatures vanquished

Notes
Turn   | Place    | Note
-------+----------+-------------------------------------------
     0 | D:1      | Energizer the Minotaur Berserker began the quest for the Orb.
     0 | D:1      | Reached XP level 1. HP: 19/19 MP: 0/0
    85 | D:1      | Reached XP level 2. HP: 7/27 MP: 1/1
   564 | D:1      | Reached skill level 4 in Axes
   687 | D:1      | Reached XP level 3. HP: 33/33 MP: 2/2
  1048 | D:2      | Reached ** piety under Trog
  1158 | D:2      | Noticed Robin
  1178 | D:2      | Reached XP level 4. HP: 37/40 MP: 3/3
  1181 | D:2      | Killed Robin
  1495 | D:2      | Reached *** piety under Trog
  1635 | D:2      | Reached skill level 5 in Axes
  2017 | D:3      | Found Gozag's Platinum Reserve.
  2102 | D:3      | Noticed Grinder
  2119 | D:3      | Killed Grinder
  2119 | D:3      | Reached skill level 5 in Fighting
  2119 | D:3      | Reached XP level 5. HP: 48/48 MP: 4/4
  2119 | D:3      | Reached XP level 6. HP: 56/56 MP: 5/5
  2187 | D:3      | Reached skill level 6 in Axes
  2298 | D:3      | Found an opulent altar of Gozag.
  2488 | D:3      | Found a blossoming altar of Fedhas.
  2843 | D:4      | Noticed a wyvern
  2849 | D:4      | Killed a wyvern
  2849 | D:4      | Reached skill level 7 in Axes
  2849 | D:4      | Reached XP level 7. HP: 61/61 MP: 6/6
  2969 | D:4      | Found a shattered altar of Ashenzari.
  2979 | D:4      | Reached **** piety under Trog
  3056 | D:4      | Noticed vlindergert's ghost (novice MiFi)
  3062 | D:4      | Killed vlindergert's ghost
  3062 | D:4      | Reached skill level 5 in Armour
  3215 | D:4      | Reached skill level 8 in Axes
  3215 | D:4      | Reached XP level 8. HP: 63/70 MP: 7/7
  3255 | D:4      | Reached skill level 5 in Dodging
  3519 | D:5      | Entered Level 5 of the Dungeon
  3551 | D:5      | Noticed Cral's ghost (novice DsGl)
  3557 | D:5      | Killed Cral's ghost
  3575 | D:5      | Reached skill level 9 in Axes
  3993 | D:5      | Received a gift from Trog
  4308 | D:5      | Found Laak's Armour Emporium.
  4559 | D:6      | Noticed Dowan
  4571 | D:6      | Killed Dowan
  4571 | D:6      | Reached XP level 9. HP: 79/79 MP: 8/8
  4573 | D:6      | Noticed Duvessa
  4578 | D:6      | Killed Duvessa
  4735 | D:6      | Reached skill level 10 in Axes
  5136 | D:6      | Found a staircase to the Ecumenical Temple.
  5477 | D:7      | You fall through a shaft!
  5661 | D:7      | Reached ***** piety under Trog
  5937 | D:7      | Noticed Pikel
  5944 | D:7      | Killed Pikel
  5944 | D:7      | Reached skill level 11 in Axes
  6218 | D:7      | Reached XP level 10. HP: 87/90 MP: 9/9
  6452 | D:8      | Found Ygixtueth's Distillery.
  6460 | D:8      | Bought a potion of heal wounds for 60 gold pieces
  6530 | D:8      | Found a white marble altar of Elyvilon.
  6788 | D:8      | Found Kiwoaxep's Armour Shoppe.
  6796 | D:8      | Bought a scarf of spirit shield for 99 gold pieces
  6796 | D:8      | Bought a +0 pair of gloves for 49 gold pieces
  6849 | D:8      | Reached skill level 12 in Axes
  6857 | D:8      | Found Raekoll's Magic Scroll Shoppe.
  6865 | D:8      | Bought a scroll of identify for 24 gold pieces
  6865 | D:8      | Bought a scroll of enchant armour for 90 gold pieces
  6865 | D:8      | Bought a scroll of magic mapping for 42 gold pieces
  6865 | D:8      | Bought a scroll of teleportation for 36 gold pieces
  7046 | D:8      | Found Xeul's Armour Emporium.
  7054 | D:8      | Received a gift from Trog
  7240 | D:9      | Found Zonno's Antique Armour Boutique.
  7726 | D:9      | Found a faded altar of an unknown god.
  7726 | D:9      | Found an ancient bone altar of Kikubaaqudgha.
  7731 | D:9      | Found a snail-covered altar of Cheibriados.
  7752 | D:9      | Found a sacrificial altar of Ru.
  7754 | D:9      | Found a basalt altar of Yredelemnul.
  7926 | D:9      | Noticed a cyclops
  7949 | D:9      | Killed a cyclops
  8233 | D:10     | Entered Level 10 of the Dungeon
  8402 | D:10     | Found a staircase to the Lair.
  8465 | D:10     | Reached skill level 13 in Axes
  8465 | D:10     | Reached XP level 11. HP: 92/99 MP: 10/10
  8535 | D:10     | Noticed Sonja
  8801 | D:10     | Noticed a two-headed ogre
  8807 | D:10     | Killed a two-headed ogre
  8807 | D:10     | Reached skill level 10 in Fighting
  8924 | D:10     | HP: 3/148 [poisoned by Sonja]
  8925 | D:10     | Succumbed to Sonja's poison

Skill      XL: |  1  2  3  4  5  6  7  8  9 10 11 |
---------------+----------------------------------+-----
Fighting       | 4 5 6 7 8 9 10 | 10.0
Axes           | 4 5 7 8 9 11 13 | 13.2
Armour         | 3 4 5 6 7 9 |  9.3
Dodging        | 3 4 6 7 8 |  8.7

Action                   |  1- 3 |  4- 6 |  7- 9 | 10-12 || total
-------------------------+-------+-------+-------+-------++-------
Melee: Hand axe          |    67 |    99 |       |       ||   166
       Headbutt          |    13 |    18 |    48 |    30 ||   109
       War axe           |       |    37 |   217 |   165 ||   419
Invok: Berserk           |     1 |     3 |    11 |    14 ||    29
       Trog's Hand       |     1 |       |       |       ||     1
       Burn Spellbooks   |       |       |     1 |       ||     1
       Brothers in Arms  |       |       |     1 |       ||     1
  Use: Scroll            |       |       |       |     7 ||     7
 Stab: Sleeping          |     1 |       |       |       ||     1
  Eat: Chunk             |     2 |     7 |    22 |    18 ||    49
       Royal jelly       |       |       |     1 |     3 ||     4
Armor: Animal skin       |     4 |       |       |       ||     4
       Chain mail        |     7 |    64 |       |       ||    71
       Plate armour      |       |    30 |   102 |    87 ||   219
Dodge: Dodged            |    44 |    69 |    74 |   132 ||   319
